 Dungeon Crawl Stone Soup version 0.32-a0-909-gc671339a80 (webtiles) character file.

Game seed: 15397442344020488154

4442 jasper the Grappler (level 10, -1/98 HPs)
             Began as a Troll Fighter on Apr 4, 2024.
             Was an Initiate of Ru.
             Slain by Amaemon
             ... wielding a +0 demon whip of venom
              (14 damage)
             ... on level 9 of the Dungeon on Apr 6, 2024.
             The game lasted 00:33:46 (7631 turns).

jasper the Grappler (Troll Fighter)                 Turns: 7631, Time: 00:33:47

Health: -1/98      AC:  6    Str: 26    XL:     10   Next: 15%
Magic:  9/9        EV: 10    Int:  4    God:    Ru [......]
Gold:   408        SH:  9    Dex: 13    Spells: 9/9 levels left

rFire   + .          .
                       - Unarmed
rCold   + + .        b - +0 kite shield
rNeg    . . .        a - +0 robe
rPois   +            (helmet restricted)
rElec   +            g - +1 cloak
rCorr   +            (gloves unavailable)
SInv    .            (boots unavailable)
Will    .....        (no amulet)
Stlth   +            k - ring of flight
HPRegen 1.16/turn    p - ring of protection from cold
MPRegen 0.11/turn

%: no passive effects
@: lethally poisoned (-1 -> -2), resistant, flying, slowed, very slow
A: large, unfitting armour, claws 3, regeneration 1, shaggy fur 1, tough skin 1
a: Renounce Religion


You were on level 9 of the Dungeon.
You worshipped Ru.
Ru was noncommittal.
You visited 2 branches of the dungeon, and saw 10 of its levels.

You collected 408 gold pieces.

Inventory:

Hand Weapons
 H - a +2 antimagic hand cannon
Missiles
 h - 22 stones (quivered)
 u - 34 poisoned darts
 B - 2 throwing nets
 J - a curare-tipped dart
Armour
 a - a +0 robe (worn)
 b - a +0 kite shield (worn)
 g - a +1 cloak (worn)
 x - a +0 tower shield
Jewellery
 i - a +6 ring of intelligence
 k - a ring of flight (left claw)
 p - a ring of protection from cold (right claw)
 E - a +6 ring of intelligence
 F - a ring of ice
 G - an amulet of the acrobat
Talismans
 e - a flux talisman
 f - a blade talisman
 r - a dragon-blood talisman
Wands
 c - a wand of polymorph (8)
 o - a wand of mindburst (21)
 t - a wand of roots (16)
 D - a wand of flame (17)
Scrolls
 j - a scroll of poison
 n - a scroll of amnesia
 v - a scroll of silence
 y - a scroll of revelation
 K - a scroll of butterflies
 L - a scroll of blinking {unknown}
 O - a scroll of immolation {unknown}
Potions
 d - a potion of resistance
 l - 3 potions of enlightenment
 m - 2 potions of curing
 q - a potion of attraction
 s - 2 potions of might
 w - a potion of invisibility
 z - a potion of magic
 A - a potion of heal wounds
 C - a potion of ambrosia
 I - a potion of lignification {unknown}
 N - a potion of degeneration {unknown}
Miscellaneous
 M - a condenser vane


   Skills:
 + Level 6.0 Fighting
 + Level 6.0 Dodging
 + Level 6.6 Shields
 * Level 9.7 Unarmed Combat


You had 9 spell levels left.
You didn't know any spells.
Your spell library contained the following spells:

 Spells                   Type           Power      Damage    Failure   Level
 Freeze                   Ice            0%         1d3       71%         1
 Ensorcelled Hibernation  Hex/Ice        0%         N/A       85%         2
 Frozen Ramparts          Ice            0%         1d1       97%         3
 Fugue of the Fallen      Necr           0%         N/A       97%         3
 Hailstorm                Conj/Ice       0%         3d5       97%         3
 Ozocubu's Armour         Ice            0%         N/A       97%         3
 Passwall                 Erth           0%         N/A       97%         3
 Swiftness                Air            0%         N/A       97%         3
 Brom's Barrelling Bould  Conj/Erth      0%         2d3       100%        4
 Fireball                 Conj/Fire      0%         3d3       100%        5
 Iskenderun's Battlesphe  Conj           0%         2d6       100%        5
 Conjure Ball Lightning   Conj/Air       0%         3x3d6     100%        6
 Manifold Assault         Tloc           0%         N/A       100%        7
 Orb of Destruction       Conj           0%         9d5       100%        7


Dungeon Overview and Level Annotations

Branches:
Dungeon (9/15)             Temple (1/1) D:7
   Lair: D:8-11         Orc: D:9-12

Altars:
Ashenzari
Cheibriados
Elyvilon
Fedhas
Gozag
Hepliaklqana
Kikubaaqudgha
Makhleb
Nemelex Xobeh
Okawaru
Qazlal
Ru
Sif Muna
Trog
Uskayaw
Vehumet
Xom
Yredelemnul
Zin
The Shining One

Shops:
D:3 (   D:4 :

Annotations:
D:8 exclusion: downstairs
D:9 Amaemon


Innate Abilities, Weirdness & Mutations

You are too large for most types of armour.
You have claws for hands.
Your natural rate of healing is unusually fast.
You are covered in fur. (AC +1)
You have tough skin. (AC +1)


Message History

Amaemon is heavily wounded.
You feel extremely sick. You block Amaemon's attack.
Amaemon claws you but does no damage. Amaemon barely misses you.
You block the scorpion's attack. The orange demon closely misses you.
You block the scorpion's attack.
Amaemon hits you with a +0 demon whip of venom!
* * * LOW HITPOINT WARNING * * *
Amaemon claws you.
* * * LOW HITPOINT WARNING * * *
Amaemon tail-slaps you but does no damage.
You take 23 damage, and have 24/98 hp.
MASSIVE DAMAGE!!
You feel better. The scorpion barely misses you.
You block the scorpion's attack.
The orange demon stings you but does no damage.
The scorpion closely misses you. The scorpion stings you.
* * * LOW HITPOINT WARNING * * *
Amaemon hits you with a +0 demon whip of venom!
* * * LOW HITPOINT WARNING * * *
You are poisoned.
Amaemon claws you.
* * * LOW HITPOINT WARNING * * *
You block Amaemon's attack. The orange demon stings you from afar.
* * * LOW HITPOINT WARNING * * *
You resist.
You take 18 damage, and have 6/98 hp.
You feel much better.
You feel very sick. The scorpion stings you.
* * * LOW HITPOINT WARNING * * *
You block the scorpion's attack.
Amaemon hits you with a +0 demon whip of venom.
* * * LOW HITPOINT WARNING * * *
Amaemon closely misses you. You block Amaemon's attack.
You block the orange demon's attack. The scorpion stings you.
* * * LOW HITPOINT WARNING * * *
The scorpion stings you.
* * * LOW HITPOINT WARNING * * *
Amaemon hits you with a +0 demon whip of venom!
You die...
Ru respects your ultimate sacrifice.

#####......................'.# #
......>........####[.......######
#####......................)....[
#...#....############.###'#######
#........# #.# #.#
#.####...########## #.# #.#
#............ ..# #.#
##........s####### #.#
#.######..@6.# #.#
#.#####.##.....s##4# #.#
........##.####.# ... ..#
...........# #.########
#.#.....#..# #.........
#.#####..# ########## #. ...# #
##..# #.##


You could see Amaemon, an orange demon (curare) and 2 scorpions.

Vanquished Creatures
  A kobold demonologist (D:9)
  A troll (D:9)
  Sigmund (D:2)
  3 yaks (D:8)
  2 steam dragons
  2 orc warriors
  3 ogres
  2 centaurs (D:5)
  3 kobold brigands
  8 bullfrogs
  3 gnoll sergeants
  5 scorpions
  8 wights
  A howler monkey (D:4)
  2 gnoll boudas
  An iron imp (D:9)
  An orc priest (D:4)
  A bombardier beetle (D:5)
  4 hounds
  A jelly (D:8)
  An iguana (D:7)
  3 orc wizards
  Robin (D:3)
  21 gnolls
  8 adders
  A shadow imp (D:7)
  4 white imps
  2 ufetubi (D:4)
  2 dart slugs
  3 ribbon worms
  15 orcs
  12 ball pythons
  9 endoplasms
  5 giant cockroaches
  15 goblins
  9 hobgoblins
  6 jackals
  7 quokkas
  7 bats
  4 frilled lizards (D:1)
  26 kobolds
  9 rats
223 creatures vanquished.

Notes
Turn   | Place    | Note
-------+----------+-------------------------------------------
     0 | D:1      | jasper the Troll Fighter began the quest for the Orb.
     0 | D:1      | Reached XP level 1. HP: 22/22 MP: 0/0
   251 | D:1      | Reached XP level 2. HP: 29/29 MP: 1/1
   520 | D:1      | Reached XP level 3. HP: 36/36 MP: 2/2
   533 | D:1      | Found a faded altar of an unknown god.
   995 | D:2      | Noticed Sigmund
  1016 | D:2      | Killed Sigmund
  1017 | D:2      | Reached skill level 3 in Unarmed Combat
  1017 | D:2      | Reached XP level 4. HP: 45/45 MP: 3/3
  1017 | D:2      | Reached XP level 5. HP: 53/53 MP: 4/4
  1030 | D:2      | Reached skill level 4 in Unarmed Combat
  1920 | D:3      | Found Kulisit's Weapon Shoppe.
  2089 | D:3      | Reached XP level 6. HP: 61/61 MP: 5/5
  2165 | D:3      | Identified the +1 helmet "Gesuck" {rC++}
  2165 | D:3      | Noticed Robin
  2177 | D:3      | Killed Robin
  2437 | D:3      | Noticed an angel
  2438 | D:3      | Found a glowing silver altar of Zin.
  2683 | D:4      | Reached skill level 5 in Unarmed Combat
  2683 | D:4      | Reached XP level 7. HP: 50/68 MP: 6/6
  3118 | D:4      | Found Ibyilui's Tiny Tomes.
  3255 | D:5      | Entered Level 5 of the Dungeon
  3534 | D:5      | Found an iron altar of Okawaru.
  3743 | D:5      | Reached skill level 6 in Unarmed Combat
  3814 | D:5      | Reached XP level 8. HP: 77/78 MP: 7/7
  4264 | D:6      | Reached skill level 5 in Shields
  4265 | D:6      | Reached skill level 7 in Unarmed Combat
  4953 | D:7      | Reached skill level 5 in Fighting
  4953 | D:7      | Reached skill level 5 in Dodging
  4953 | D:7      | Reached XP level 9. HP: 71/88 MP: 8/8
  5153 | D:7      | Found a staircase to the Ecumenical Temple.
  5166 | Temple   | Entered the Ecumenical Temple
  5202 | D:7      | Reached skill level 8 in Unarmed Combat
  5324 | D:7      | Upgraded the game from 0.32-a0-898-g7811c86cf0 to
                  | 0.32-a0-900-g30fb1b0edc
  6004 | D:8      | Reached skill level 9 in Unarmed Combat
  6108 | D:8      | Upgraded the game from 0.32-a0-900-g30fb1b0edc to
                  | 0.32-a0-909-gc671339a80
  6758 | D:9      | Noticed a troll
  6771 | D:9      | Killed a troll
  6772 | D:9      | Reached XP level 10. HP: 78/98 MP: 9/9
  7040 | D:9      | Found a sacrificial altar of Ru.
  7109 | D:9      | Became a worshipper of Ru the Awakened
  7413 | D:9      | Found a burning altar of Makhleb.
  7616 | D:9      | Noticed Amaemon
  7616 | D:9      | Noticed an orange demon
  7631 | D:9      | Slain by Amaemon

Illustrated notes

Levels and vault maps discovered:
D:1:      psy_arrival_radial02, layout_loops_ring,
          shapermc_ecumenical_altar_flowoftime
D:2:      layout_basic, minmay_tripent, uniq_sigmund
D:3:      layout_basic, zin_angel, serial_shops, shop, amethyst_killhole,
          uniq_robin
D:4:      layout_cave_pools, nicolae_shop_i_like_small_books_too,
          serial_library_hellmonk_semicircle
D:5:      layout_loops_cross, mainiacjoe_overflow_concentric_impassable
D:6:      layout_gridville
D:7:      layout_cave_pools, minmay_temple_entry_gardened_gates,
          minmay_fountain_box, serial_library_hellmonk_room_c,
          grunt_decor_clamped, st_stairs_13
D:8:      layout_loops_ring
D:9:      layout_basic, mainiacjoe_overflow_tiny_flanked, demons_altar,
          grunt_ministairs_2, uniq_amaemon
Temple:   eino_temple_rhombus

Skill      XL: |  1  2  3  4  5  6  7  8  9 10 |
---------------+-------------------------------+-----
Shields        | 3 4 5 6 |  6.6
Fighting       | 3 4 5 6 |  6.0
Dodging        | 3 4 5 6 |  6.0
Unarmed Combat | 3 4 5 6 7 9 |  9.7

Action                     |  1- 3 |  4- 6 |  7- 9 | 10-12 || total
---------------------------+-------+-------+-------+-------++-------
  Melee: Unarmed           |    70 |   179 |   334 |    42 ||   625
  Throw: Stone             |       |     2 |    24 |     8 ||    34
    Use: Potion            |     1 |       |     2 |     3 ||     6
         Scroll            |       |     6 |    12 |       ||    18
   Stab: Sleeping          |     1 |     1 |       |       ||     2
         Invisible         |       |       |     3 |       ||     3
         Distracted        |       |       |       |     1 ||     1
 Armour: Robe              |    32 |    93 |   196 |    37 ||   358
  Dodge: Dodged            |    20 |    55 |   111 |    29 ||   215
  Block: Kite shield       |    25 |    51 |   168 |    29 ||   273

Table legend: (Time is in decaauts)
 A = Elapsed time spent in this place.
 B = Non-inter-level travel time spent in this place.
 C = Inter-level travel time spent in this place.
 D = Time resting spent in this place.
 E = Time spent auto-exploring this place.
 F = Levels seen in this place.
 G = Mean time per level.
                   A        B        C        D        E       F      G
               +--------+--------+--------+--------+--------+-----+--------+
         Total |   7644 |   7347 |    297 |    915 |   4853 |  10 |  764.4 |
       Dungeon |   7642 |   7345 |    297 |    915 |   4853 |   9 |  849.1 |
        Temple |      1 |      1 |      0 |      0 |      0 |   1 |    1.0 |
               +--------+--------+--------+--------+--------+-----+--------+

Top non-repeatable levels by time:
     D:1: 969 daAuts
     D:6: 948 daAuts
     D:7: 921 daAuts
     D:9: 902 daAuts
     D:8: 867 daAuts
     D:2: 814 daAuts
     D:3: 745 daAuts
     D:5: 737 daAuts
     D:4: 736 daAuts
  Temple: 1 daAuts
